 Dungeon Crawl Stone Soup version 0.19-a0-1861-g35def1e (webtiles) character file.

2277 vev the Covert (level 9, -1/94 HPs)
             Began as an Octopode Wanderer on Oct 12, 2016.
             Slain by a wraith (6 damage)
             ... on level 9 of the Dungeon.
             The game lasted 00:17:30 (8975 turns).

vev the Covert (Octopode Wanderer)                  Turns: 8975, Time: 00:17:31

Health: -1/94      AC:  4    Str: 15    XL:     9   Next: 39%
Magic:  0/12       EV: 16    Int: 19    God:
Gold:   150        SH:  0    Dex: 11    Spells: 2 memorised, 8 levels left

rFire  . . .     SeeInvis .     a - +3 dagger
rCold  . . .     Gourm    .     (no shield)
rNeg   + . .     Faith    .     (helmet restricted)
rPois  .         Spirit   +     q - amulet of guardian spirit
rElec  .         Dismiss  .     s - +3 ring of protection
rCorr  +         Reflect  .     t - ring of flight
MR     +....     Harm     .     y - ring of protection from magic
Stlth  ..........               D - ring of positive energy
                                B - ring of resist corrosion
                                (no ring)
                                (no ring)
                                (no ring)

@: berserking, slowed
A: almost no armour, stealthy swim, amphibious, 8 rings, constrict 8, camouflage
1, gelatinous body 1
a: Evoke Flight


You were on level 9 of the Dungeon.
You were not hungry.

You visited 2 branches of the dungeon, and saw 10 of its levels.

You collected 319 gold pieces.
You spent 169 gold pieces at shops.

Inventory:

Hand Weapons
 a - a +3 dagger (weapon)
 P - a +0 broad axe
Missiles
 j - 2 javelins (quivered)
Armour
 A - a +0 shield
Rods
 r - a +2 lightning rod (12/12)
   (You found it on level 6 of the Dungeon)
Jewellery
 e - an uncursed amulet of the gourmand
 q - an amulet of guardian spirit (around mantle)
 s - a +3 ring of protection (left tentacle)
 t - a ring of flight (right tentacle)
 y - a ring of protection from magic (on tentacle)
 B - a ring of resist corrosion (on tentacle)
 D - a ring of positive energy (on tentacle)
Wands
 L - a wand of iceblast (4/15)
Scrolls
 k - a scroll of enchant weapon
 m - 4 scrolls of remove curse
 o - a scroll of fog {unknown}
 E - 3 scrolls of random uselessness {unknown}
 I - 2 scrolls of identify
 J - a scroll of blinking {unknown}
 K - 2 scrolls of amnesia {unknown}
 N - a scroll of immolation {unknown}
Potions
 g - 2 potions of curing
 h - a potion of ambrosia {unknown}
 i - 2 potions of lignification
 l - a potion of degeneration
 p - 5 potions of heal wounds {unknown}
 u - 3 potions of haste {unknown}
 w - a potion of berserk rage
 z - 2 potions of magic {unknown}
 C - a potion of mutation {unknown}
 H - 2 potions of agility {unknown}
 M - a potion of might {unknown}
 Q - a potion of flight {unknown}
Books
 c - the Guide on the Voyage

   Spells                             Type                      Level
   a - Apportation                    Translocation                1
   b - Lesser Beckoning               Translocation                3
 d - Moocizev's Guide on Dislocation

   Spells                             Type                      Level
   a - Apportation                    Translocation                1
   b - Portal Projectile              Translocation                3
 O - a book of Debilitation

   Spells                             Type                      Level
   a - Corona                         Hexes                        1
   b - Slow                           Hexes                        2
   c - Gell's Gravitas                Hexes/Translocation          3
   d - Inner Flame                    Hexes/Fire                   3
   e - Cause Fear                     Hexes                        4
   f - Leda's Liquefaction            Hexes/Earth                  4
Comestibles
 f - 6 bread rations
 n - 3 chunks of flesh
 v - 5 meat rations
 x - a beef jerky
 F - 2 royal jellies


   Skills:
 + Level 6.7 Fighting
   Level 1.0 Long Blades
 + Level 6.4 Dodging
 + Level 10.0 Stealth
 - Level 1.0 Shields
 * Level 3.3 Unarmed Combat
 - Level 2.0 Spellcasting
 - Level 1.0 Translocations
   Level 2.4 Poison Magic
 - Level 1.1 Evocations


You had 8 spell levels left.
You knew the following spells:

 Your Spells              Type           Power        Failure   Level  Hunger
a - Lesser Beckoning      Tloc           #.........   34%         3    ###....
z - Apportation           Tloc           #.........   12%         1    #......


Dungeon Overview and Level Annotations

Branches:
Dungeon (9/15)             Temple (1/1) D:4
   Lair: D:8-11         Orc: D:9-12

Altars:
Ashenzari
Cheibriados
Dithmenos
Elyvilon
Fedhas
Gozag
Hepliaklqana
Kikubaaqudgha
Makhleb
Nemelex Xobeh
Okawaru
Qazlal
Ru
Sif Muna
Trog
Uskayaw
Vehumet
Xom
Yredelemnul
Zin
The Shining One

Shops:
D:4 *


Innate Abilities, Weirdness & Mutations

You cannot wear most types of armour.
You are very stealthy in the water. (Stealth+)
You are amphibious.
You can wear up to eight rings at the same time.
You can use your tentacles to constrict eight enemies at once.
Your skin changes colour to match your surroundings (Stealth+).
Your rubbery body absorbs attacks. (AC +1, EV +1)


Message History

The ball of steam misses you. The wraith closely misses you.
A phantom comes into view.
A red film seems to cover your vision as you go berserk!
You feel yourself moving faster!
You feel mighty! The wraith hits you.
* * * LOW HITPOINT WARNING * * *
The wraith drains your vigour!
You feel yourself slow down.
You barely miss the wraith. You squeeze the wraith.
The wraith is lightly damaged.
The wraith hits you. The wraith drains your vigour!
You feel as though you will be slow longer.
You hit the wraith.
You squeeze the wraith, but do no damage.
The wraith is moderately damaged.
The wraith barely misses you.
You hit the wraith.
The wraith is moderately damaged.
You are engulfed in a cloud of scalding steam.
* * * LOW HITPOINT WARNING * * *
The wraith hits you!
You die...

..................
...................
...................
...................
.......)...........
...................
.........D.........
...........ยง.......
..........W@.......
$.####[............
## ###...........
#............
#........W...
#.............
#..###........ ..#
##.......


You could see a phantom, a wraith and a steam dragon.

Vanquished Creatures
  A centaur zombie (D:7)
  Psyche (D:9)
  A troll (D:9)
  2 black bears (D:7)
  An ice beast (D:9)
  A centaur (D:7)
  Blork the orc (D:5)
  3 bullfrogs
  A scorpion (D:5)
  A crimson imp (D:7)
  A hound (D:4)
  3 jellies
  2 orc priests (D:8)
  4 orc wizards
  An iguana (D:7)
  2 worker ants
  A hound zombie (D:7)
  7 gnolls (D:5)
  11 adders
  A shadow imp (D:7)
  2 oozes (D:3)
  An adder zombie (D:6)
  An adder skeleton (D:6)
  3 worms
  3 dart slugs
  5 leopard geckos
  17 orcs
  23 giant cockroaches
  8 goblins
  4 hobgoblins
  10 jackals
  7 kobolds
  2 quokkas
  A ball python (D:2)
  4 bats
  3 frilled lizards
  9 rats
149 creatures vanquished.

Vanquished Creatures (others)
  An orc wizard (D:8)
1 creature vanquished.

Grand Total: 150 creatures vanquished

Notes
Turn   | Place    | Note
-------+----------+-------------------------------------------
     0 | D:1      | vev the Octopode Wanderer began the quest for the Orb.
     0 | D:1      | vev set off with: a +2 dagger, a scroll of fear, the Guide on the Voyage, Moocizev's Guide on Dislocation, a bread ration
     0 | D:1      | Reached XP level 1. HP: 11/11 MP: 3/3
    53 | D:1      | Identified the Guide on the Voyage
    53 | D:1      | Identified Moocizev's Guide on Dislocation
    55 | D:1      | Learned a level 1 spell: Apportation
   256 | D:1      | Reached skill level 3 in Stealth
   258 | D:1      | Reached skill level 1 in Fighting
   258 | D:1      | Reached XP level 2. HP: 17/18 MP: 5/5
   585 | D:1      | Reached skill level 1 in Dodging
   988 | D:2      | Reached XP level 3. HP: 23/23 MP: 6/6
  1252 | D:2      | Reached skill level 2 in Fighting
  1376 | D:2      | Reached skill level 4 in Stealth
  1419 | D:2      | Reached XP level 4. HP: 9/29 MP: 7/7
  2466 | D:3      | Reached skill level 2 in Dodging
  2648 | D:3      | Reached XP level 5. HP: 29/35 MP: 8/8
  3522 | D:4      | Found a staircase to the Ecumenical Temple.
  3536 | Temple   | Entered the Ecumenical Temple
  3926 | D:4      | Found Azaofulepnil's Assorted Antiques.
  3932 | D:4      | Bought a scroll labeled JIOJIA CUFYPP for 19 gold pieces
  3932 | D:4      | Bought a tubular opal ring for 95 gold pieces
  3932 | D:4      | Bought a scroll labeled NICSE BO ZENI for 19 gold pieces
  3932 | D:4      | Bought an orange potion for 17 gold pieces
  3932 | D:4      | Bought a scroll labeled NICSE BO ZENI for 19 gold pieces
  3957 | D:4      | Reached skill level 3 in Fighting
  3957 | D:4      | Reached skill level 5 in Stealth
  4675 | D:5      | Entered Level 5 of the Dungeon
  4692 | D:5      | Reached skill level 3 in Dodging
  4692 | D:5      | Reached XP level 6. HP: 38/42 MP: 7/9
  5015 | D:5      | Noticed Blork the orc
  5129 | D:6      | Reached skill level 6 in Stealth
  5234 | D:5      | Reached skill level 4 in Fighting
  5301 | D:5      | Reached XP level 7. HP: 48/48 MP: 8/10
  5604 | D:5      | Killed Blork the orc
  5946 | D:5      | Reached skill level 4 in Dodging
  6120 | D:5      | Learned a level 3 spell: Lesser Beckoning
  6303 | D:6      | Reached skill level 7 in Stealth
  7241 | D:7      | Reached skill level 5 in Fighting
  7241 | D:7      | Reached XP level 8. HP: 23/55 MP: 6/11
  7560 | D:7      | Reached skill level 8 in Stealth
  7614 | D:7      | HP: 3/55 [centaur warrior zombie (4)]
  7632 | D:7      | HP: 5/55 [centaur warrior zombie (3)]
  7647 | D:7      | Reached skill level 5 in Dodging
  8020 | D:7      | Reached skill level 9 in Stealth
  8027 | D:7      | Reached skill level 6 in Fighting
  8439 | D:8      | Reached skill level 1 in Unarmed Combat
  8872 | D:7      | Reached skill level 6 in Dodging
  8872 | D:7      | Reached XP level 9. HP: 45/62 MP: 8/12
  8956 | D:9      | Noticed Psyche
  8956 | D:9      | Noticed a troll
  8957 | D:9      | Killed Psyche
  8957 | D:9      | Reached skill level 2 in Unarmed Combat
  8969 | D:9      | Killed a troll
  8969 | D:9      | Reached skill level 10 in Stealth
  8969 | D:9      | Reached skill level 3 in Unarmed Combat
  8975 | D:9      | HP: 5/94 [steam dragon] (6)]
  8975 | D:9      | Slain by a wraith

Vault maps used:
D:1:      nagdon_arrival_zigzag_paths
D:2:      minmay_roachtagon, corner_web_ring
D:3:      nrook_loot_triangle, minmay_misc_feat_rugged, serial_park_tiny_1,
          eino_curves_03
D:4:      cheibrodos_quashed, serial_shops, shop
D:5:      first_bread, uniq_blork_the_orc
D:6:      minmay_checkerbox
D:7:      serial_shops, kennysheep_little_box
D:9:      erik_lair_orcish_takeover, david_orc_3, uniq_psyche
Temple:   nicolae_temple_the_god_donut

Skill      XL: |  1  2  3  4  5  6  7  8  9 |
---------------+----------------------------+-----
Stealth        | 3 4 5 6 7 9 10 | 10.0
Fighting       | 1 2 3 4 5 6 |  6.7
Dodging        | 1 2 3 4 6 |  6.4
Unarmed Combat | 1 3 |  3.3
Long Blades    | |  1.0
Shields        | |  1.0
Spellcasting   | |  2.0
Translocations | |  1.0
Poison Magic   | |  2.4
Evocations     | |  1.1

Action                   |  1- 3 |  4- 6 |  7- 9 || total
-------------------------+-------+-------+-------++-------
Melee: Dagger            |    95 |   150 |   235 ||   480
       Constrict         |    20 |    30 |    37 ||    87
       Tentacles         |    11 |    20 |    41 ||    72
Evoke: Wand              |       |       |     1 ||     1
  Use: Scroll            |       |     1 |     7 ||     8
       Potion            |       |       |     5 ||     5
 Stab: Sleeping          |     5 |    24 |    13 ||    42
       Distracted        |       |       |     1 ||     1
  Eat: Chunk             |     2 |     8 |     9 ||    19
       Bread ration      |       |     1 |       ||     1
       Pizza             |       |     1 |     2 ||     3
Armor: Skin              |    10 |    16 |    39 ||    65
Dodge: Dodged            |    75 |    68 |   158 ||   301
